 Dungeon Crawl Stone Soup version 0.31.0-9-g3a7656b989 (webtiles) character file.

Game seed: 635798625384571145

36 EnegeticOcto the Ruffian (level 3, 36/36 HPs)
             Began as a Troll Monk on Jan 31, 2024.
             Was a Believer of Yredelemnul.
             Quit the game on level 1 of the Dungeon.
             The game lasted 00:00:35 (494 turns).

EnegeticOcto the Ruffian (Troll Monk)                Turns: 494, Time: 00:00:35

Health: 36/36      AC:  5    Str: 19    XL:     3   Next: 19%
Magic:  2/2        EV: 10    Int:  6    God:    Yredelemnul [**....]
Gold:   89         SH:  0    Dex: 14    Spells: 2/2 levels left

rFire   . .          .
                       - Unarmed
rCold   . . .        c - orb {light}
rNeg    . . .        a - +0 robe
rPois   .            (helmet restricted)
rElec   .            e - +0 cloak
rCorr   .            (gloves unavailable)
SInv    .            (boots unavailable)
Will    .....        (no amulet)
Stlth   +            (no ring)
HPRegen 1.06/turn    (no ring)
MPRegen 0.08/turn

%: no passive effects
@: glowing
A: large, unfitting armour, claws 3, regeneration 1, shaggy fur 1, tough skin 1
a: Renounce Religion, Recall Undead Harvest, Dark Bargain


You were on level 1 of the Dungeon.
You worshipped Yredelemnul.
Yredelemnul was noncommittal.
You visited 1 branch of the dungeon, and saw 1 of its levels.

You collected 89 gold pieces.

Inventory:

Armour
 a - a +0 robe (worn)
 c - an orb of light (worn)
 e - a +0 cloak (worn)
   (You found it on level 1 of the Dungeon)
Scrolls
 f - a scroll of revelation {unknown}
 g - a scroll of fog {unknown}
 h - a scroll of noise {unknown}
 i - a scroll of teleportation {unknown}
 k - a scroll of poison {unknown}
Potions
 b - a potion of ambrosia
 d - 2 potions of might {unknown}
 j - 2 potions of lignification {unknown}


   Skills:
 + Level 2.6 Fighting
 + Level 0.8 Armour
 + Level 2.7 Dodging
 * Level 3.5 Unarmed Combat


You had 2 spell levels left.
You didn't know any spells.
Your spell library was empty.

Dungeon Overview and Level Annotations

Branches:
Dungeon (1/15) Zot: 5509

Altars:
Yredelemnul


Innate Abilities, Weirdness & Mutations

You are too large for most types of armour.
You have claws for hands.
Your natural rate of healing is unusually fast.
You are covered in fur. (AC +1)
You have tough skin. (AC +1)


Message History

You kill the bat!
The jackal bites you but does no damage. x2
You scratch the jackal but do no damage.
The jackal barely misses you. x2
You scratch the jackal.
The jackal is heavily wounded.
The jackal closely misses you. The jackal barely misses you.
You claw the jackal!
You kill the jackal!
The jackal bites you but does no damage.
The jackal barely misses you.
You scratch the jackal but do no damage.
The jackal closely misses you.
You scratch the jackal.
You kill the jackal!
You have reached level 3!
Your experience leads to an increase in your attributes!
Increase (s)trength, (i)ntelligence, or (d)exterity?
You feel agile. x2; You feel stronger.
Things that are here:
a bat corpse; a giant cockroach corpse; a jackal corpse You now have 71 gold pieces (gained 4).
Things that are here:
a bat corpse; a giant cockroach corpse; a jackal corpse You now have 73 gold pieces (gained 2).
You now have 89 gold pieces (gained 16).
You see here a +0 dagger.
Found a stone staircase leading down.
An endoplasm comes into view.
The endoplasm quivers.
An endoplasm is nearby!
An endoplasm is nearby!
There is a stone staircase leading down here.
The endoplasm freezes you.
You are frozen.
You claw the endoplasm!
You kill the endoplasm!
No target in view!
No target in view!
No target in view!
HP restored.
A bat comes into view.
A bat is nearby!
The bat hits you but does no damage.
You barely miss the bat. The bat closely misses you.
You claw the bat!
You kill the bat!
No target in view!
No target in view!
No target in view!
A frilled lizard comes into view.
The frilled lizard hisses angrily.
A frilled lizard is nearby!
The frilled lizard bites you but does no damage.
You claw the frilled lizard!
You kill the frilled lizard!
No target in view!
No target in view!
No target in view!
You see here a +0 whip.
A rat comes into view.
A rat is nearby!
A rat is nearby!
Found a scroll labelled UGAJ SUKHETRU.
A goblin comes into view. It is wielding a +0 dagger.
The goblin shouts!
The rat bites you but does no damage.
You scratch the rat.
You kill the rat!
Found 2 sedimented silvery potions.
The goblin closely misses you.
You scratch the goblin.
You kill the goblin!
j - 2 sedimented silvery potions No target in view!
No target in view!
No target in view!
No target in view!
k - a scroll labelled UGAJ SUKHETRU
Found a faded altar of an unknown god.
An endoplasm comes into view.
An endoplasm is nearby!
The endoplasm quivers.
You claw the endoplasm!
You kill the endoplasm!
No target in view!
No target in view!
No target in view!
No target in view!
No target in view!
No target in view!
No target in view!
No target in view!
There is a faded altar of an unknown god here.
This altar belongs to (a) Cheibriados, (b) Yredelemnul or (c) Okawaru, but you can't tell which.
Press the corresponding letter to learn more about a god, or press enter to convert or escape to cancel.
Yredelemnul accepts your prayer! Yredelemnul welcomes you!
You can now trade souls for undead servants.
You can now reap souls.
You can now recall your undead harvest.
Are you sure you want to abandon this character and quit the game? (Confirm with "yes".)

#.# #†)... #.# #..###
#.# #..# #.## #..#
#####..# #..###
##....#.######.....
##ZZ♣Z..........)..>
#.ZZZ♣.#.######.###.
##♣P@♣.♣#.## #.# #.
#.ZP♣♣.....# #÷###.
#.ZZ.P.....# #.#..#
#...♣♣.#...#####.#.#.
#.###.........#....#.
#. #.....)........#.
# #......)..#(...#.
####...####....#.
#...........#.


You could see 4 friendly ball python zombies, 2 friendly adder zombies, a
friendly quokka zombie and 2 friendly giant cockroach zombies.

Vanquished Creatures
  A dart slug (D:1)
  2 ball pythons (D:1)
  2 bats (D:1)
  3 endoplasms (D:1)
  A giant cockroach (D:1)
  A hobgoblin (D:1)
  9 jackals (D:1)
  3 frilled lizards (D:1)
  3 goblins (D:1)
  3 kobolds (D:1)
  A rat (D:1)
29 creatures vanquished.

Notes
Turn   | Place    | Note
-------+----------+-------------------------------------------
     0 | D:1      | EnegeticOcto the Troll Monk began the quest for the Orb.
     0 | D:1      | Reached XP level 1. HP: 22/22 MP: 0/0
    73 | D:1      | Reached XP level 2. HP: 26/29 MP: 1/1
   254 | D:1      | Reached XP level 3. HP: 36/36 MP: 2/2
   430 | D:1      | Found a faded altar of an unknown god.
   493 | D:1      | Prayed at the altar of an unknown god.
   493 | D:1      | Became a worshipper of Yredelemnul the Dark
   493 | D:1      | Reached * piety under Yredelemnul
   493 | D:1      | Reached ** piety under Yredelemnul
   494 | D:1      | Quit the game

Illustrated notes

Levels and vault maps discovered:
D:1:      dpeg_arrival_shelter, layout_loops_ring,
          ebering_ecumenical_altar_petrified

Action                     || total
---------------------------++-------
  Melee: Unarmed           ||    56
 Armour: Robe              ||    26
  Dodge: Dodged            ||    39

Table legend:
 A = Kills in this place as a percentage of kills in the entire game.
 B = Kills by you in this place as a percentage of kills by you in the entire game.
 C = Kills by friends in this place as a percentage of kills by friends in the entire game.
 D = Other kills in this place as a percentage of other kills in the entire game.
 E = Experience gained in this place as a percentage of experience gained in the entire game.
 F = Experience gained in this place divided by the number of levels of this place that you have seen.
                   A       B       C       D       E      F
               +-------+-------+-------+-------+-------+----------------------
         Total | 100.0 | 100.0 |   N/A |   N/A | 100.0 |  52.0
       Dungeon | 100.0 | 100.0 |   N/A |   N/A | 100.0 |  52.0
               +-------+-------+-------+-------+-------+----------------------

Table legend: (Time is in decaauts)
 A = Elapsed time spent in this place.
 B = Non-inter-level travel time spent in this place.
 C = Inter-level travel time spent in this place.
 D = Time resting spent in this place.
 E = Time spent auto-exploring this place.
 F = Levels seen in this place.
 G = Mean time per level.
                   A        B        C        D        E       F      G
               +--------+--------+--------+--------+--------+-----+--------+
         Total |    490 |    462 |     28 |      0 |    339 |   1 |  490.0 |
       Dungeon |    490 |    462 |     28 |      0 |    339 |   1 |  490.0 |
               +--------+--------+--------+--------+--------+-----+--------+

Top non-repeatable levels by time:
     D:1: 490 daAuts
